 Dungeon Crawl Stone Soup version 0.28-a0-465-ge2dae52223 (webtiles) character file.

Game seed: 2629653541765602174

1662 bande the Cleaver (level 9, -9/82 HPs)
             Began as a Hill Orc Fighter on Sept 14, 2021.
             Was an Initiate of Okawaru.
             Mangled by Maggie (15 damage)
             ... on level 7 of the Dungeon.
             The game lasted 00:13:49 (7530 turns).

bande the Cleaver (Hill Orc Fighter)                Turns: 7530, Time: 00:13:50

Health: -9/82      AC: 13    Str: 20    XL:     9   Next: 0%
Magic:  9/9        EV:  6    Int:  8    God:    Okawaru [......]
Gold:   1428       SH: 10    Dex: 12    Spells: 8/8 levels left

rFire   . . .      SeeInvis .   a - +1 war axe
rCold   . . .      Faith    .   c - +0 buckler
rNeg    + . .      Spirit   .   s - +0 plate armour
rPois   .          Reflect  +   p - +1 helmet
rElec   .          Harm     .   n - +0 cloak
rCorr   +          Rampage  .   h - +1 pair of gloves
Will    .....                   (no boots)
Stlth   ..........              i - amulet of reflection
HPRegen 0.23/turn               r - ring of resist corrosion
MPRegen 0.11/turn               b - ring of positive energy

@: mesmerised
A: deformed body, robust 1
a: Renounce Religion


You were on level 7 of the Dungeon.
You worshipped Okawaru.
Okawaru was noncommittal.
You visited 2 branches of the dungeon, and saw 8 of its levels.

You collected 1428 gold pieces.

Inventory:

Hand Weapons
 a - a +1 war axe (weapon)
 f - a +2 morningstar
Armour
 c - a +0 buckler (worn)
 h - a +1 pair of gloves (worn)
 n - a +0 cloak (worn)
 p - a +1 helmet (worn)
 s - a +0 plate armour (worn)
Jewellery
 b - a ring of positive energy (right hand)
 i - an amulet of reflection (around neck)
 r - a ring of resist corrosion (left hand)
Wands
 g - a wand of acid (10)
 t - a wand of iceblast (8)
Scrolls
 e - 6 scrolls of teleportation
 j - a scroll of blinking
 o - a scroll of identify
Potions
 d - a potion of might
 k - 2 potions of curing
 l - 2 potions of magic
 m - a potion of cancellation {unknown}


   Skills:
 + Level 6.2 Fighting
 + Level 9.5 Axes
 + Level 6.0 Armour
 + Level 5.1 Shields
 * Level 4.2 Evocations


You had 8 spell levels left.
You didn't know any spells.
Your spell library contained the following spells:

 Spells                   Type           Power      Damage    Failure   Level
 Beastly Appendage        Tmut           0%         N/A       100%        1
 Corpse Rot               Necr/Air       N/A        N/A       100%        2
 Poisonous Vapours        Pois/Air       0%         N/A       100%        2
 Wereblood                Tmut           0%         N/A       100%        2
 Portal Projectile        Hex/Tloc       0%         N/A       100%        3
 Spider Form              Tmut/Pois      0%         N/A       100%        3
 Blade Hands              Tmut           0%         N/A       100%        5
 Excruciating Wounds      Necr           0%         N/A       100%        5
 Conjure Ball Lightning   Conj/Air       0%         3x3d6     100%        6
 Discord                  Hex            0%         N/A       100%        8
 Disjunction              Tloc           0%         N/A       100%        8
 Summon Small Mammal      Summ           Unusable   N/A       N/A         1
 Call Canine Familiar     Summ           Unusable   N/A       N/A         3
 Summon Guardian Golem    Hex/Summ       Unusable   N/A       N/A         3

Dungeon Overview and Level Annotations

Branches:
Dungeon (7/15)             Temple (1/1) D:7

Altars:
Ashenzari
Dithmenos
Elyvilon
Hepliaklqana
Kikubaaqudgha
Makhleb
Nemelex Xobeh
Okawaru
Ru
Trog
Wu Jian
Xom
The Shining One

Annotations:
D:6 1 runed translucent door, mdk's ghost, novice OgHu
D:7 Maggie


Innate Abilities, Weirdness & Mutations

Armour fits poorly on your strangely shaped body.
You are robust. (+10% HP)


Message History

You hit Maggie.
Maggie is moderately wounded.
Maggie casts a spell.
Maggie attempts to bespell you!
You are mesmerised by Maggie!
You hit Maggie.
Maggie is moderately wounded.
Maggie hits you with a +0 morningstar!
You slash Maggie!
Maggie is heavily wounded.
Maggie points at you and mumbles some strange words.
The bolt of fire hits you!!
You are too injured to fight recklessly!
You are too injured to fight recklessly!
You barely miss Maggie.
Maggie is heavily wounded.
Maggie hits you but does no damage.
You slash Maggie!
Maggie is severely wounded.
Maggie barely misses you.
You hit Maggie.
Maggie is severely wounded.
Maggie hits you with a +0 morningstar.
You slash Maggie!
Maggie is almost dead.
Maggie mumbles some strange words.
Maggie draws you further into her thrall.
You barely miss Maggie.
Maggie is almost dead.
Maggie hits you with a +0 morningstar.
* * * LOW HITPOINT WARNING * * *
You hit Maggie but do no damage.
Maggie is almost dead.
Maggie gestures at you while chanting. The bolt of fire hits you!!
* * * LOW HITPOINT WARNING * * *
You barely miss Maggie.
Maggie is almost dead.
Maggie hits you with a +0 morningstar!
You die...

...#.......
#..##.#.### #..
##......# #..
.##...### #.. ..##.+##
#.# # #......## #.# .#
..⌠.....## #.###.###.#
#........##
#...@.....#
..##....<.####..@...##
.##...)...'..........#
##........####..(....#
#........## ##......#
..#.....## ###...##
####...## #.## ##+##
.# $#


You could see Maggie (mesmerising).

Vanquished Creatures
  Sigmund (D:4)
  A water moccasin (D:7)
  A black bear (D:6)
  An orc warrior (D:5)
  An ice beast (D:7)
  2 phantoms
  2 kobold brigands
  A bullfrog (D:5)
  A water moccasin zombie (D:5)
  3 wights (D:6)
  A howler monkey (D:6)
  A centaur zombie (D:7)
  A bullfrog zombie (D:5)
  Crazy Yiuf (D:2)
  2 hounds (D:5)
  A bullfrog skeleton (D:6)
  3 iguanas
  2 orc wizards
  5 gnolls
  8 adders
  A howler monkey skeleton (D:4)
  An adder skeleton (D:5)
  2 worms (D:2)
  A dart slug (D:2)
  8 orcs
  4 bats
  13 endoplasms
  15 giant cockroaches
  2 goblins
  4 hobgoblins
  4 quokkas
  13 ball pythons
  4 frilled lizards
  14 kobolds
  9 rats
134 creatures vanquished.

Vanquished Creatures (others)
  2 withered plants (D:6)
2 creatures vanquished.

Grand Total: 136 creatures vanquished

Notes
Turn   | Place    | Note
-------+----------+-------------------------------------------
     0 | D:1      | bande the Hill Orc Fighter began the quest for the Orb.
     0 | D:1      | Reached XP level 1. HP: 19/19 MP: 1/1
   181 | D:1      | Reached XP level 2. HP: 24/27 MP: 2/2
   385 | D:1      | Reached skill level 3 in Axes
   880 | D:1      | You fall into a shaft and drop 1 floor!
   880 | D:2      | Found a shimmering altar of Xom.
   951 | D:2      | Reached XP level 3. HP: 29/33 MP: 3/3
  1503 | D:1      | Found a faded altar of an unknown god.
  1886 | D:2      | Reached skill level 4 in Axes
  1886 | D:2      | Reached XP level 4. HP: 6/40 MP: 4/4
  3019 | D:2      | Found a runed translucent door.
  3020 | D:2      | Noticed Crazy Yiuf
  3129 | D:2      | Reached XP level 5. HP: 43/47 MP: 5/5
  3246 | D:2      | Killed Crazy Yiuf
  3508 | D:3      | Reached skill level 5 in Axes
  3692 | D:3      | Found a glowing golden altar of the Shining One.
  4233 | D:4      | Identified a scroll of acquirement
  4233 | D:4      | Acquired 1139 gold pieces
  4405 | D:4      | Noticed Sigmund
  4413 | D:4      | Killed Sigmund
  4414 | D:4      | Reached skill level 6 in Axes
  4414 | D:4      | Reached skill level 1 in Evocations
  4414 | D:4      | Reached XP level 6. HP: 49/55 MP: 6/6
  4625 | D:4      | Found a hazy altar of Hepliaklqana.
  4820 | D:5      | Entered Level 5 of the Dungeon
  4853 | D:5      | Reached XP level 7. HP: 55/60 MP: 7/7
  4918 | D:5      | Reached skill level 5 in Fighting
  4941 | D:5      | Reached skill level 7 in Axes
  4941 | D:5      | Reached skill level 5 in Armour
  5646 | D:6      | Reached XP level 8. HP: 54/68 MP: 8/8
  5659 | D:5      | Reached skill level 8 in Axes
  5780 | D:6      | HP: 2/65 [wight (8)]
  6053 | D:6      | Gained mutation: Armour fits poorly on your strangely
                  | shaped body. [potion of mutation]
  6053 | D:6      | Gained mutation: You are robust. (+10% HP) [potion of
                  | mutation]
  6092 | D:6      | Found a bloodstained altar of Trog.
  6440 | D:6      | Found a runed translucent door.
  6441 | D:6      | Noticed mdk's ghost (novice OgHu)
  6896 | D:7      | Reached skill level 9 in Axes
  6896 | D:7      | Reached skill level 5 in Shields
  7308 | D:7      | Found a staircase to the Ecumenical Temple.
  7318 | Temple   | Entered the Ecumenical Temple
  7378 | Temple   | Became a worshipper of Warmaster Okawaru
  7425 | D:7      | Reached XP level 9. HP: 67/82 MP: 9/9
  7504 | D:7      | Noticed Maggie
  7530 | D:7      | Mangled by Maggie

Illustrated notes

Levels and vault maps discovered:
D:1:      denvon_arrival_waterhouse, layout_basic,
          shapermc_ecumenical_altar_mp_ritualfount, serial_curves,
          eino_curves_02, eino_curves_02
D:2:      minmay_roachtagon, layout_loops_cross, basic_altar, st_stairs_3,
          nrook_mini_backslash, chequers_hall_statues_wall_a,
          uniq_crazy_yiuf_cottage
D:3:      layout_rooms, nicolae_overflow_crystal_walls
D:4:      layout_loops_ring, mainiacjoe_overflow_surrounded_room, serial_glass,
          glass_columns_c, glass_columns_b, glass_columns_b, glass_columns_c,
          glass_columns_b, glass_columns_b, glass_columns_a, glass_columns_b,
          lemuel_flame_loot_1, uniq_sigmund
D:5:      layout_basic
D:6:      layout_loops_cross, overflow_temple_1_default, gammafunk_ghost_grave
D:7:      layout_loops_corners, minmay_temple_entry_waves,
          kennysheep_flooded_box, uniq_maggie
Temple:   eino_wide_crystal_templ

Skill      XL: |  1  2  3  4  5  6  7  8 |
---------------+-------------------------+-----
Axes           | 3 4 6 7 9 |  9.5
Fighting       | 4 5 6 |  6.2
Armour         | 4 5 6 |  6.0
Evocations     | 1 2 4 |  4.2
Shields        | 4 5 |  5.1

Action                   |  1- 3 |  4- 6 |  7- 9 || total
-------------------------+-------+-------+-------++-------
Melee: War axe           |   110 |   137 |   201 ||   448
  Use: Scroll            |     1 |     9 |     6 ||    16
       Potion            |       |       |     4 ||     4
Armor: Scale mail        |    50 |    54 |    23 ||   127
       Plate armour      |       |       |    87 ||    87
Dodge: Dodged            |    43 |    64 |    58 ||   165
Block: Buckler           |    23 |    52 |   105 ||   180
       Reflection        |       |     2 |     2 ||     4

Table legend: (Time is in decaauts)
 A = Elapsed time spent in this place.
 B = Non-inter-level travel time spent in this place.
 C = Inter-level travel time spent in this place.
 D = Time resting spent in this place.
 E = Time spent auto-exploring this place.
 F = Levels seen in this place.
 G = Mean time per level.
                   A        B        C        D        E       F      G
               +--------+--------+--------+--------+--------+-----+--------+
         Total |   7633 |   7492 |    141 |   1722 |   4481 |   8 |  954.1 |
       Dungeon |   7550 |   7445 |    105 |   1722 |   4442 |   7 | 1078.6 |
        Temple |     82 |     46 |     36 |      0 |     39 |   1 |   82.0 |
               +--------+--------+--------+--------+--------+-----+--------+

Top non-repeatable levels by time:
     D:2: 2217 daAuts
     D:1: 1300 daAuts
     D:6: 1149 daAuts
     D:5: 881 daAuts
     D:4: 791 daAuts
     D:7: 615 daAuts
     D:3: 594 daAuts
  Temple: 82 daAuts
